 Dungeon Crawl Stone Soup version 0.28-a0-43-g560ac104fe (webtiles) character file.

Game seed: 1442085660636142905

72 pokeman the Magician (level 4, -5/25 HPs)
             Began as a Deep Elf Hedge Wizard on July 28, 2021.
             Killed from afar by an orc wizard (11 damage)
             ... with a puff of flame
             ... on level 3 of the Dungeon.
             The game lasted 00:04:56 (3264 turns).

pokeman the Magician (Deep Elf Hedge Wizard)        Turns: 3264, Time: 00:04:56

Health: -5/25      AC:  3    Str:  7    XL:     4   Next: 6%
Magic:  13/13      EV: 12    Int: 26    God:
Gold:   107        SH:  0    Dex: 14    Spells: 3/14 levels left

rFire   . . .      SeeInvis .   a - +0 dagger
rCold   . . .      Faith    .   (no shield)
rNeg    . . .      Spirit   .   n - +0 leather armour
rPois   .          Reflect  +   c - +0 hat
rElec   .          Harm     .   (no cloak)
rCorr   .          Rampage  .   (no gloves)
Will    .....                   (no boots)
Stlth   +.........              e - amulet of reflection
HPRegen 0.08/turn               b - +6 ring of intelligence
MPRegen 0.13/turn               (no ring)

@: confused
A: no striking features
a: no special abilities


You were on level 3 of the Dungeon.
You visited 1 branch of the dungeon, and saw 3 of its levels.

You collected 107 gold pieces.

Inventory:

Hand Weapons
 a - a +0 dagger (weapon)
Missiles
 l - 12 arrows
Armour
 c - a +0 hat (worn)
 n - a +0 leather armour (worn)
Jewellery
 b - a +6 ring of intelligence (left hand)
 e - an amulet of reflection (around neck)
Scrolls
 i - a scroll of immolation {unknown}
 j - a scroll of vulnerability {unknown}
 o - a scroll of enchant armour {unknown}
 q - a scroll of amnesia {unknown}
Potions
 d - a potion of mutation {unknown}
 f - a potion of berserk rage {unknown}
 g - a potion of brilliance {unknown}
 h - a potion of might {unknown}
 k - a potion of flight {unknown}
 m - 2 potions of curing {unknown}
 p - a potion of resistance {unknown}


   Skills:
 - Level 1.0 Fighting
 - Level 1.0 Armour
 + Level 2.6 Dodging
 - Level 2.4 Stealth
 * Level 5.5 Spellcasting
 + Level 2.0 Conjurations
 - Level 1.1 Summonings
 - Level 1.1 Translocations
 + Level 0.3 Fire Magic


You had 3 spell levels left.
You knew the following spells:

 Your Spells              Type           Power      Damage    Failure   Level
a - Magic Dart            Conj           68%        1d6       4%          1
b - Mephitic Cloud        Conj/Pois/Air  10%        N/A       24%         3
c - Call Imp              Summ           12%        N/A       11%         2
d - Blink                 Tloc           N/A        N/A       11%         2
e - Conjure Flame         Conj/Fire      13%        6-21      21%         3

Your spell library contained the following spells:

 Spells                   Type           Power      Damage    Failure   Level
 Slow                     Hex            7%         N/A       16%         2
 Gell's Gravitas          Tloc           6%         N/A       21%         3
 Lesser Beckoning         Tloc           6%         N/A       21%         3
 Teleport Other           Tloc           12%        N/A       21%         3


Dungeon Overview and Level Annotations

Branches:
Dungeon (3/15)

Altars:


Message History

You start resting.
Magic restored.
You start resting.
HP restored.
You climb downwards.
The orc wizard points at you and mumbles some strange words.
You are confused.
There is a stone staircase leading up here.
The orc wizard gestures at you while chanting.
The magic dart hits you!
In your confused state, you trip and fall back down the stairs.
The orc wizard barely misses you.
The orc wizard points at you and mumbles some strange words.
You are more confused.
Unknown command.
The orc wizard closely misses you. The orc wizard casts a spell at you.
You are more confused.
You miss the orc wizard.
The orc wizard hits you with a +0 dagger.
The orc wizard hits you but does no damage.
You bump into the rock wall.
The orc wizard hits you but does no damage.
The orc wizard casts a spell.
The orc wizard flickers and vanishes!
Deactivating autopickup; reactivate with Ctrl-A.
The orc wizard hits you with a +0 dagger.
There is a stone staircase leading up, spattered with blood here.
The orc wizard points at you and mumbles some strange words.
You resist with some effort.
You bump into the rock wall.
You bump into the rock wall.
The orc wizard closely misses you.
You bump into the rock wall.
The orc wizard casts a spell at you. The magic dart hits you!
* * * LOW HITPOINT WARNING * * *
You bump into the rock wall.
The orc wizard casts a spell at you. The puff of flame hits you!
You die...

#.# #.# #.#
##.#####
###..#....
#......#
#....##########.
#
#.).<..o@.......
.
#...############
.# #...# #.##.
#..÷# ##)..†.
#...# ##.)....#
#...# #####.†#
#.#######....o##
#.# #....#####
#.# #.####


You could see an orc wizard.

Vanquished Creatures
  An adder (D:2)
  2 worms (D:2)
  4 orcs
  6 ball pythons
  5 endoplasms
  2 giant cockroaches (D:2)
  3 goblins
  9 hobgoblins
  2 jackals (D:1)
  2 quokkas
  2 bats
  2 frilled lizards (D:2)
  2 kobolds (D:2)
  4 rats
46 creatures vanquished.

Notes
Turn   | Place    | Note
-------+----------+-------------------------------------------
     0 | D:1      | pokeman the Deep Elf Hedge Wizard began the quest for the
                  | Orb.
     0 | D:1      | Reached XP level 1. HP: 10/10 MP: 7/7
   233 | D:1      | Reached XP level 2. HP: 14/16 MP: 0/9
   895 | D:1      | Reached skill level 5 in Spellcasting
  1465 | D:2      | Reached XP level 3. HP: 20/20 MP: 4/11
  1470 | D:2      | Learned a level 3 spell: Mephitic Cloud
  1473 | D:2      | Learned a level 2 spell: Call Imp
  1476 | D:2      | Learned a level 2 spell: Blink
  1480 | D:2      | Learned a level 3 spell: Conjure Flame
  2050 | D:2      | Reached skill level 1 in Armour
  2090 | D:2      | Reached skill level 1 in Fighting
  2876 | D:2      | Found a faded altar of an unknown god.
  3008 | D:3      | Reached XP level 4. HP: 25/25 MP: 8/13
  3264 | D:3      | Killed from afar by an orc wizard

Illustrated notes

Levels and vault maps discovered:
D:1:      onia_arrival_mini_maze_b, layout_loops_cross,
          chequers_serial_rivers_room_a
D:2:      layout_basic, chequers_ecumenical_altar_lobes
D:3:      layout_rooms, gammafunk_temple_overflow_elements

Skill      XL: |  1  2  3 |
---------------+----------+-----
Spellcasting   | 5 |  5.5
Armour         | 1 |  1.0
Fighting       | 1 |  1.0
Conjurations   | 2 |  2.0
Dodging        | |  2.6
Stealth        | |  2.4
Summonings     | |  1.1
Translocations | |  1.1
Fire Magic     | |  0.3

Action                   |  1- 3 |  4- 6 || total
-------------------------+-------+-------++-------
Melee: Dagger            |     8 |     5 ||    13
 Cast: Magic Dart        |   129 |     5 ||   134
       Mephitic Cloud    |       |     2 ||     2
Armor: Robe              |     4 |       ||     4
       Leather armour    |       |     3 ||     3
Dodge: Dodged            |    15 |     6 ||    21
Block: Other             |     7 |     2 ||     9

Table legend: (Time is in decaauts)
 A = Elapsed time spent in this place.
 B = Non-inter-level travel time spent in this place.
 C = Inter-level travel time spent in this place.
 D = Time resting spent in this place.
 E = Time spent auto-exploring this place.
 F = Levels seen in this place.
 G = Mean time per level.
                   A        B        C        D        E       F      G
               +--------+--------+--------+--------+--------+-----+--------+
         Total |   3262 |   3163 |     99 |    452 |   2365 |   3 | 1087.3 |
       Dungeon |   3262 |   3163 |     99 |    452 |   2365 |   3 | 1087.3 |
               +--------+--------+--------+--------+--------+-----+--------+

Top non-repeatable levels by time:
     D:2: 1703 daAuts
     D:1: 1411 daAuts
     D:3: 147 daAuts
